AoeStats
← Vanvanbman

Arena

507939372Analyzed
4v4 RM · 12d ago on Sep 20, 2026· 47m 20s· 8 players
Game mode
Random Map
Map size
Large (8 player)
Population
200
Speed
Normal
Resources
Standard
Victory
Conquest
Starting age
Dark Age
Ending age
Imperial Age
RankedLock teamsTeams togetherTeam positionsShared explorationLock speedFull tech treeHidden civsTurbo modeCheats
Victory
Defeat
🇨🇱 Italians · Chile
1123
+13
🇮🇹 Persians · Italy
1075
+15
🇸🇪 Slavs · Sweden
1066
+15
🇮🇹 Khmer · Italy
989
+20
🇦🇷 Khmer · Argentina
1112
-18
🇦🇺 Huns · Australia
1081
-17
🇦🇷 Franks · Argentina
1014
-14
🇨🇳 Italians · China
1011
-14
Re-Spektor lover
11:57 Feudal Age
15:49 Castle Age
13:45 Double-Bit Axe
13:51 Horse Collar
14:16 Town Watch
16:12 Loom
18:34 Bow Saw
19:51 Heavy Plow
21:56 Gold Mining
22:00 Stone Mining
29:37 Imperial Age
27:16 Fletching
27:53 Ballistics
28:31 Bloodlines
28:41 Detinets
28:47 Husbandry
28:54 Scale Barding Armor
29:00 Forging
30:06 Wheelbarrow
29:32 Town Patrol
32:45 Chemistry
33:02 Chain Barding Armor
33:17 Iron Casting
32:57 Bodkin Arrow
33:49 Conscription
33:19 Elite Boyar
34:38 Plate Barding Armor
35:08 Murder Holes
36:43 Blast Furnace
37:03 Hoardings
37:19 Padded Archer Armor
37:15 Bodkin Arrow
37:52 Masonry
38:41 Hand Cart
42:57 Siege Engineers
42:56 Town Patrol
46:22 Padded Archer Armor
47:20 Leather Archer Armor
47:06 Elite Skirmisher
Lupone81
11:15 Feudal Age
11:42 Horse Collar
11:50 Double-Bit Axe
12:59 Wheelbarrow
16:38 Castle Age
17:22 Hand Cart
17:22 Bow Saw
17:55 Heavy Plow
21:28 Stone Mining
23:56 Stone Shaft Mining
23:37 Gold Mining
31:00 Imperial Age
29:00 Forging
28:56 Pikeman
29:25 Gambesons
29:42 Squires
30:11 Scale Barding Armor
30:43 Iron Casting
30:09 Scale Mail Armor
31:07 Gold Shaft Mining
30:40 Arson
31:50 Crop Rotation
32:26 Two-Man Saw
31:52 Conscription
32:32 Hoardings
32:29 Chain Barding Armor
32:09 Halberdier
34:47 Plate Barding Armor
35:13 Blast Furnace
34:29 Chain Mail Armor
34:53 Elite War Elephant
38:10 Padded Archer Armor
38:01 Fletching
38:59 Plate Mail Armor
39:17 Husbandry
40:01 Bloodlines
39:59 Town Watch
39:52 Cavalier
40:58 Savar
Eljardinero
5:57 Loom
12:27 Feudal Age
13:44 Wheelbarrow
12:55 Horse Collar
17:38 Castle Age
18:06 Bloodlines
18:27 Heavy Plow
18:34 Double-Bit Axe
21:22 Bow Saw
25:55 Gold Mining
27:45 Hand Cart
31:13 Imperial Age
29:55 Gold Shaft Mining
29:11 Stone Mining
29:57 Padded Archer Armor
29:48 Fletching
30:09 Forging
30:05 Scale Barding Armor
32:15 Husbandry
31:35 Light Cavalry
32:55 Iron Casting
33:24 Chemistry
32:51 Conscription
32:12 Heavy Scorpion
33:56 Ballistics
33:48 Double Crossbow
33:59 Caravan
34:27 Hussar
35:49 Crop Rotation
37:49 Blast Furnace
37:10 Chain Barding Armor
37:56 Elite Battle Elephant
38:40 Tusk Swords
41:33 Plate Barding Armor
Komposita
11:27 Feudal Age
16:07 Castle Age
14:15 Fletching
17:25 Bodkin Arrow
19:12 Town Watch
19:44 Padded Archer Armor
20:38 Double-Bit Axe
20:36 Horse Collar
26:53 Bow Saw
29:51 Leather Archer Armor
30:07 Loom
32:08 Wheelbarrow
32:50 Ballistics
33:54 Hand Cart
35:06 Fortified Wall
38:42 Imperial Age
40:00 Hoardings
38:53 Elite Genoese Crossbowman
39:54 Conscription
40:50 Bracer
41:20 Ring Archer Armor
41:53 Chemistry
45:54 Treadmill Crane
46:25 Masonry
45:37 Elite Skirmisher
46:25 Thumb Ring
El Lobizon Chinchu
2:46 Loom
10:16 Feudal Age
10:49 Double-Bit Axe
17:19 Castle Age
15:34 Gold Mining
20:39 Forging
24:33 Iron Casting
24:04 Scale Barding Armor
26:40 Husbandry
27:52 Wheelbarrow
30:19 Gold Shaft Mining
31:39 Hand Cart
32:42 Chain Barding Armor
36:22 Fletching
36:33 Padded Archer Armor
38:15 Bow Saw
41:59 Imperial Age
40:47 Elite Skirmisher
41:25 Pikeman
42:05 Squires
42:36 Ballistics
42:12 Murder Holes
Caterpillar punta de acero
5:40 Loom
10:38 Feudal Age
11:15 Double-Bit Axe
20:07 Castle Age
21:15 Bow Saw
21:21 Horse Collar
32:06 Imperial Age
33:15 Conscription
35:20 Elite Skirmisher
Mika_168
10:59 Feudal Age
14:50 Castle Age
12:50 Double-Bit Axe
12:56 Horse Collar
23:06 Fletching
25:33 Wheelbarrow
29:49 Imperial Age
28:23 Bodkin Arrow
28:28 Padded Archer Armor
28:50 Ballistics
29:47 Gold Mining
29:49 Stone Mining
31:30 Chemistry
30:54 Conscription
31:16 Bracer
31:31 Leather Archer Armor
33:09 Elite Genoese Crossbowman
34:50 Ring Archer Armor
37:06 Thumb Ring
36:46 Treadmill Crane
40:39 Bloodlines
39:49 Light Cavalry
40:30 Husbandry
40:50 Hussar
42:32 Silk Road
42:22 Pirotechnia
Vanvanbman
7:50 Loom
10:34 Feudal Age
14:58 Castle Age
12:43 Horse Collar
13:07 Double-Bit Axe
16:57 Heavy Plow
17:57 Bow Saw
20:39 Gold Mining
23:16 Stone Mining
24:37 Fletching
24:48 Padded Archer Armor
25:32 Wheelbarrow
26:05 Gold Shaft Mining
28:01 Hand Cart
27:43 Bodkin Arrow
28:05 Leather Archer Armor
28:03 Bloodlines
28:04 Husbandry
31:38 Imperial Age
29:49 Town Watch
30:14 Husbandry
30:32 Leather Archer Armor
30:24 Marauders
31:45 Heavy Cavalry Archer
32:51 Parthian Tactics
32:29 Bracer
33:16 Conscription
33:33 Atheism
33:31 Thumb Ring
35:00 Ballistics
35:41 Chemistry
34:55 Masonry
34:42 Murder Holes
42:34 Elite Tarkan
43:48 Forging
43:44 Scale Barding Armor
Connection lost

Rejoining the realm…

Still unreachable

The connection could not be restored.

Session expired

The server has moved on; the page needs a fresh start.